cohdb
Replays
Latest Replays
All Replays
Popular Replays
Top Player Replays
Match Explorer
How It Works
Community
CoH3 Stats
Reddit
Sign in to upload your games and track your stats! →
Sign in with Steam
Match 44547868
Unlisted
Match 44547868
Overview
Messages
Build Orders
End
Engineer Squad
Selects Airborne Battlegroup
Selects Heavy Machine Gun Paradrop
Heavy Machine Gun Paradrop
Construct Barracks
Infantry Support Center
Selects Paratrooper Squad Paradrop
Paratrooper Squad Paradrop
Construct Medical Station
M1 Mortar Team
M1 Mortar Team
Paratrooper Squad Paradrop
Paratrooper Squad Paradrop
Paratrooper Squad Paradrop
Selects Recon Loiter
Paratrooper Squad Paradrop
Selects Anti-tank Gun Team Paradrop
Anti-tank Gun Team Paradrop
AI Takeover
John.J.Rambo
Jfoe49
弓弦
Kickapoo
kirman
RhumsteaK
King Raptor
SKePTiUS
0
0
Comments
sign in to comment!
No comments posted yet!